Map: [ESL] Inside and Out

Players

Spirit - Winner!

  • Race: Terran Terran
  • Spawn Location: 1:00

HateMe

  • Race: Zerg Zerg
  • Spawn Location: 7:00

Event: DreamHack SC2 Masters 2022 Atlanta (Online)

VOD

Have the link to the VOD?

Description

Time

  • Played on: Oct. 9, 2022, 12:15 p.m.
  • Length: 17:30

All games in this series

Show
View Real Time Build Order
Export as new Build Order

Spirit Terran - Winner!

Build Orders: Reaper Expand, Hellion Banshee 

Get SALT Encoding   

  12  0:00  SCV  
  13  0:12  SCV  
  14  0:17  Supply Depot  
  14  0:24  SCV  
  15  0:38  SCV  
  15  0:39  Barracks  
  16  0:42  Refinery  
  16  0:50  SCV  
  17  1:02  SCV  
  18  1:15  SCV  
  19  1:26  Reaper  
  19  1:27  Orbital Command  
  20  1:39  Command Center  
  20  1:49  Supply Depot  
  20  1:52  SCV  
  21  1:58  Marine  
  22  2:04  SCV  
  23  2:13  Factory  
  23  2:16  SCV  
  23  2:20  Barracks Reactor  
  24  2:28  SCV  
  25  2:41  Command Center, SCV  
  26  2:51  Orbital Command  
  26  2:53  SCV  
  27  3:01  Starport  
  27  3:05  Refinery  
  27  3:06  SCV  
  27  3:10  Hellion  
  30  3:14  Hellion  
  30  3:16  Barracks Tech Lab  
  32  3:23  SCV x2  
  34  3:31  Hellion  
  36  3:35  SCV x2  
  36  3:36  Hellion  
  40  3:45  Banshee  
  40  3:47  SCV x2  
  44  3:53  Orbital Command, Cloaking Field  
  44  3:59  SCV, Hellion  
  44  4:01  Barracks Tech Lab  
  49  4:03  Hellion  
  49  4:04  SCV  
  50  4:10  Supply Depot  
  50  4:11  SCV  
  50  4:16  SCV  
  52  4:20  SCV  
  52  4:21  Hellion  
  52  4:23  SCV  
  58  4:24  Hellion  
  58  4:28  SCV, Marine  
  60  4:31  Banshee  
  60  4:32  SCV  
  60  4:35  SCV  
  60  4:37  Supply Depot  
  65  4:40  SCV, Stimpack  
  67  4:51  Refinery, Barracks  
  67  4:52  Barracks, Factory Reactor, Refinery  
  67  4:54  Orbital Command  
  67  4:55  SCV x2  
  68  5:01  Engineering Bay  
  68  5:03  Engineering Bay  
  68  5:04  Supply Depot  
  68  5:06  Marine  
  68  5:07  SCV x2  
  71  5:18  Barracks x2  
  71  5:19  SCV x2  
  71  5:20  SCV  
  74  5:22  Starport Reactor  
  74  5:24  Marine  
  75  5:30  Terran Infantry Armor Level 1, Terran Infantry Weapons Level 1  
  75  5:31  SCV x2  
  75  5:33  SCV  
  78  5:37  Supply Depot  
  78  5:38  Supply Depot  
  78  5:41  Marine  
  78  5:42  Marine x2  
  81  5:43  SCV x2  
  81  5:49  Marine x2  
  85  5:53  Bunker  
  85  5:59  SCV, Marine x3  
  85  6:02  Siege Tank  
  85  6:04  SCV  
  93  6:06  Barracks Reactor x2  
  93  6:07  Marine x2  
  93  6:08  SCV  
  96  6:11  SCV  
  96  6:16  SCV, Medivac  
  96  6:17  Marine  
  101  6:20  Medivac, Combat Shield, Marine  
  101  6:25  Supply Depot  
  101  6:26  Marine x3  
  101  6:27  Supply Depot, SCV x2  
  101  6:28  SCV  
  101  6:29  Supply Depot  
  107  6:35  Marine  
  107  6:37  Marine  
  109  6:42  Supply Depot  
  109  6:46  Marine x2  
  109  6:47  SCV x3, Siege Tank  
  109  6:49  Medivac, Marine x2  
  109  6:50  Medivac  
  124  6:56  Command Center  
  124  6:57  Armory  
  124  6:59  SCV, Marine, Refinery  
  125  7:05  Refinery  
  125  7:06  Supply Depot x2  
  125  7:08  SCV  
  126  7:09  Marine x4  
  130  7:16  Marine  
  130  7:19  Siege Tank  
  130  7:20  Marine x2  
  131  7:24  Marine x2  
  131  7:27  Marine x4  
  118  7:34  Marine  
  118  7:36  SCV  
  118  7:37  SCV  
  117  7:38  Marine x2  
  117  7:41  SCV  
  117  7:42  Marine x2  
  119  7:44  Marine  
  119  7:45  Marine x3  
  119  7:47  Supply Depot  
  119  7:49  SCV x2  
  125  7:51  Marine  
  125  7:53  SCV  
  125  7:55  Terran Infantry Weapons Level 2  
  125  7:56  Marine x2  
  128  7:58  Terran Infantry Armor Level 2  
  128  8:00  Marine x2  
  128  8:01  SCV  
  128  8:02  Marine x3  
  128  8:04  SCV  
  135  8:06  Supply Depot  
  135  8:08  SCV  
  135  8:10  Supply Depot, Factory  
  135  8:11  Liberator  
  139  8:16  Liberator  
  139  8:17  Marine  
  139  8:18  SCV  
  144  8:26  SCV x2  
  146  8:27  Marine x4  
  146  8:30  SCV, Marine  
  152  8:38  SCV  
  152  8:40  Marine x2  
  154  8:41  Marine x2  
  154  8:45  Marine x4  
  154  8:46  SCV x2  
  154  8:47  Marine  
  163  8:54  Planetary Fortress  
  160  8:58  Marine x2  
  160  8:59  SCV, Marine x2  
  165  9:03  Marine x2  
  163  9:10  Marine  
  163  9:13  Factory Tech Lab, Marine  
  163  9:14  SCV  
  169  9:21  Barracks, Command Center  
  169  9:22  Barracks x2  
  169  9:23  Sensor Tower, Marine  
  156  9:32  Siege Tank  
  156  9:35  Bunker  
  156  9:37  Sensor Tower  
  156  9:38  Supply Depot  
  156  9:39  Supply Depot  
  156  9:49  SCV x2, Marine x4  
  156  9:50  SCV, Siege Tank  
  156  9:51  Marine  
  156  9:53  Refinery  
  156  9:54  Ghost Academy, Refinery  
  156  9:55  Marine x2  
  156  9:56  Marine  
  156  9:58  Marauder  
  155  10:00  Medivac  
  155  10:02  SCV x3  
  155  10:04  Supply Depot  
  155  10:05  Supply Depot  
  155  10:07  Marine x4  
  160  10:11  Barracks Tech Lab x3  
  160  10:12  Marine x3  
  160  10:14  SCV x3, Marine  
  169  10:18  Marine  
  159  10:24  Marine x3  
  159  10:25  Marine  
  159  10:26  SCV  
  144  10:29  Marine  
  144  10:30  Marine x4  
  144  10:32  Marine x2  
  128  10:36  Marine  
  128  10:42  Marine x3  
  121  10:43  Marine  
  121  10:45  SCV x2  
  121  10:47  Marine x2  
  121  10:48  Marine x3  
  121  10:50  Concussive Shells, Marine x2  
  121  10:51  Siege Tank x2  
  121  10:52  Terran Vehicle Weapons Level 1  
  121  10:54  Marine  
  130  11:00  Marine  
  130  11:02  Command Center  
  131  11:04  Sensor Tower  
  131  11:06  Terran Infantry Weapons Level 3  
  131  11:07  Marauder  
  131  11:10  Bunker  
  133  11:13  Marauder x2  
  133  11:14  Marauder, Marine  
  133  11:17  Medivac x2  
  144  11:22  SCV  
  144  11:23  Siege Tank  
  144  11:24  Siege Tank  
  151  11:33  Marine  
  151  11:34  Marauder, Marine x5  
  151  11:39  Marine x2  
  161  11:43  Supply Depot  
  163  11:47  Marauder x2, Marine  
  166  11:54  Liberator  
  166  11:55  Siege Tank  
  166  11:56  SCV x2, Siege Tank  
  166  11:59  Marine x4  
  166  12:00  SCV  
  181  12:06  Planetary Fortress  
  181  12:07  Supply Depot  
  180  12:08  SCV  
  180  12:09  Refinery  
  180  12:10  Sensor Tower, Marauder, Marine  
  180  12:15  Marine  
  184  12:16  Orbital Command  
  184  12:19  Marine  
  184  12:20  Marine x5  
  191  12:24  Ghost  
  191  12:25  Ghost  
  191  12:27  Siege Tank  
  191  12:28  Siege Tank  
  197  12:31  Ghost  
  199  12:38  Supply Depot  
  199  12:53  Ghost  
  199  13:03  Terran Infantry Armor Level 3  
  199  13:06  Command Center  
  199  13:08  Refinery  
  199  13:10  Command Center  
  199  13:15  Missile Turret  
  199  13:17  Command Center  
  199  13:23  Fusion Core, Starport  
  199  13:37  Medivac x2  
  199  13:39  Missile Turret, Siege Tank  
  188  13:44  Command Center  
  187  14:06  Starport Reactor  
  187  14:07  Liberator x2  
  190  14:13  Advanced Ballistics  
  190  14:16  Command Center  
  189  14:17  Command Center  
  189  14:20  Siege Tank  
  189  14:22  Ghost x3  
  161  14:25  Siege Tank  
  161  14:28  Marine  
  161  14:30  Marine x4  
  163  14:32  Marine  
  163  14:36  Orbital Command  
  162  14:39  Marine  
  163  14:47  Medivac x2  
  167  14:53  Siege Tank  
  167  14:57  Marauder x4, Marine, Siege Tank  
  173  15:08  Marine x3  
  173  15:09  Marine x4  
  170  15:14  Marine  
  170  15:18  Marauder, Marine x3  
  150  15:25  Siege Tank  
  150  15:26  Marine x3  
  150  15:27  Marine x4  
  153  15:29  Siege Tank  
  153  15:32  Marine  
  152  15:36  Marine x2  
  152  15:39  Marine  
  156  15:44  Marine x4  
  156  15:45  Liberator x2, Marine  
  156  15:47  Planetary Fortress  
  169  15:57  Siege Tank  
  169  16:01  Siege Tank  
  172  16:08  Marine x4  
  172  16:09  Marine  
  175  16:18  Marine  
  176  16:19  Marine  
  176  16:21  Medivac  
  176  16:22  Medivac, Marine x3  
  184  16:27  Liberator, Ghost  
  184  16:29  Siege Tank  
  192  16:33  Siege Tank  
  192  16:34  Command Center, Refinery  
  192  16:35  Ghost  
  192  16:36  Refinery  
Show
View Real Time Build Order
Export as new Build Order

HateMe Zerg 

Build Orders: Hatch First 

Get SALT Encoding   

  12  0:00  Drone  
  13  0:12  Overlord  
  13  0:17  Drone  
  14  0:30  Drone x2  
  16  0:47  Hatchery  
  15  0:50  Drone  
  15  0:54  Drone  
  17  0:57  Drone  
  18  1:08  Extractor  
  17  1:12  Spawning Pool  
  17  1:15  Drone  
  17  1:18  Drone  
  18  1:27  Drone  
  19  1:38  Drone  
  20  1:49  Overlord  
  20  1:59  Queen x2  
  20  2:00  Zergling x4  
  26  2:10  Drone  
  26  2:11  Metabolic Boost, Drone  
  28  2:21  Drone x2  
  30  2:34  Hatchery  
  29  2:43  Drone x2  
  30  2:49  Drone  
  30  2:50  Overlord  
  31  2:54  Drone x2  
  33  3:00  Queen  
  33  3:04  Overlord  
  35  3:10  Drone x3  
  35  3:11  Drone  
  39  3:20  Queen  
  39  3:22  Drone  
  39  3:24  Drone  
  39  3:26  Drone  
  44  3:28  Drone  
  45  3:37  Queen  
  45  3:40  Drone x3  
  50  3:47  Queen  
  52  3:50  Overlord  
  52  3:51  Drone x4  
  56  4:03  Overlord  
  56  4:05  Drone  
  56  4:07  Queen  
  56  4:09  Zergling x8  
  63  4:21  Evolution Chamber  
  63  4:22  Evolution Chamber  
  63  4:23  Queen  
  63  4:24  Drone, Overlord  
  63  4:25  Drone x2  
  63  4:26  Drone x2  
  68  4:32  Spore Crawler x2  
  68  4:33  Spore Crawler  
  68  4:34  Drone x2  
  68  4:35  Drone  
  68  4:41  Drone x2  
  70  4:47  Spore Crawler  
  70  4:48  Zerg Ground Armor Level 1, Zerg Melee Weapons Level 1  
  69  4:53  Queen  
  69  4:54  Overlord  
  69  4:55  Drone  
  69  4:57  Drone  
  69  4:59  Drone x2  
  75  5:06  Drone x6  
  81  5:12  Zergling x4  
  83  5:15  Lair  
  83  5:17  Overlord  
  83  5:18  Zergling x2  
  83  5:19  Overlord  
  83  5:21  Zergling x6  
  87  5:29  Drone x3, Extractor  
  87  5:30  Extractor  
  87  5:32  Drone  
  89  5:37  Baneling Nest, Overlord  
  89  5:38  Drone x5, Extractor  
  89  5:39  Extractor  
  91  5:49  Drone x4  
  92  5:54  Hatchery  
  92  5:55  Drone x4  
  94  6:03  Drone  
  94  6:09  Overlord  
  94  6:14  Overlord x2  
  94  6:15  Drone x5  
  99  6:22  Centrifugal Hooks  
  99  6:23  Overseer  
  99  6:24  Pneumatized Carapace  
  98  6:26  Overlord x2  
  98  6:27  Zergling x8  
  98  6:31  Zergling x4  
  104  6:36  Zergling x12  
  104  6:38  Baneling x6  
  110  6:41  Zergling x4  
  112  6:48  Overlord  
  112  6:49  Zergling x2  
  112  6:51  Zerg Ground Armor Level 2  
  112  6:52  Zergling x2  
  112  6:53  Zergling x4  
  116  6:55  Zergling x4  
  116  7:01  Zergling x10  
  116  7:04  Zerg Melee Weapons Level 2  
  121  7:08  Zergling x2  
  121  7:09  Zergling x6  
  121  7:12  Zergling x4  
  127  7:16  Baneling x6  
  123  7:25  Zergling x12  
  123  7:27  Zergling x2  
  123  7:28  Zergling x2  
  124  7:30  Zergling x8  
  124  7:35  Drone x4  
  129  7:39  Overseer  
  129  7:41  Infestation Pit  
  129  7:42  Drone x5  
  130  7:47  Drone x2  
  132  7:56  Drone x6  
  135  8:01  Hatchery  
  134  8:06  Drone x2  
  134  8:08  Drone  
  134  8:09  Zergling x16  
  145  8:13  Baneling x2  
  145  8:14  Baneling x4  
  146  8:20  Zergling x12  
  146  8:23  Zergling x6  
  146  8:26  Hive  
  153  8:27  Burrow  
  153  8:32  Overseer  
  153  8:33  Overseer  
  153  8:35  Overlord x3  
  153  8:36  Zergling x16  
  159  8:42  Zergling x4  
  159  8:43  Baneling x9  
  159  8:46  Zergling x10  
  166  9:02  Zergling x20  
  167  9:06  Zergling x8  
  167  9:09  Zergling x4  
  165  9:12  Zergling x2  
  165  9:13  Baneling x6  
  166  9:22  Zergling x14  
  163  9:24  Zergling x2  
  163  9:27  Zergling x2  
  163  9:28  Zergling x8  
  163  9:36  Zergling x6  
  163  9:41  Zergling x10  
  169  9:46  Spore Crawler  
  169  9:47  Zergling x8  
  169  9:50  Adrenal Glands  
  161  9:55  Zergling x6  
  159  10:01  Zerg Ground Armor Level 3, Zerg Melee Weapons Level 3  
  159  10:03  Zergling x6  
  159  10:06  Zergling x8  
  166  10:19  Zergling x16  
  147  10:24  Zergling x6  
  147  10:27  Zergling x6  
  117  10:30  Zergling x2  
  82  10:40  Drone x6  
  69  10:47  Drone x5  
  67  10:51  Drone x5  
  67  10:55  Drone x3  
  75  10:59  Baneling x7  
  75  11:06  Drone x4  
  75  11:10  Drone x2  
  75  11:11  Drone  
  82  11:13  Drone x2  
  82  11:14  Baneling x2  
  82  11:17  Drone x2  
  86  11:22  Drone x4  
  86  11:25  Drone x4  
  93  11:29  Drone x2  
  96  11:39  Hatchery  
  95  11:45  Extractor  
  95  11:46  Drone  
  95  11:52  Drone x14  
  109  11:57  Viper  
  112  12:02  Viper  
  112  12:04  Zergling x4  
  112  12:05  Zergling x6  
  117  12:14  Baneling x4  
  117  12:15  Baneling x4  
  117  12:18  Zergling x10  
  117  12:19  Zergling x14  
  117  12:22  Zergling x6  
  131  12:36  Zergling x18  
  140  12:37  Baneling x7  
  140  12:46  Zergling x10  
  145  12:53  Zergling x18  
  155  12:58  Zergling x2  
  155  13:02  Baneling x9  
  155  13:03  Zergling x8  
  155  13:05  Overlord x2  
  159  13:09  Zergling x4  
  161  13:15  Zergling x6  
  164  13:21  Overseer  
  164  13:22  Overlord  
  164  13:24  Baneling x11  
  164  13:26  Zergling x20  
  167  13:36  Zergling x14  
  171  13:43  Zergling x2  
  171  13:44  Zergling x8  
  171  13:46  Spire  
  175  13:50  Zergling x14  
  175  13:53  Hatchery  
  174  14:04  Zergling x24  
  174  14:08  Zergling x4  
  184  14:11  Baneling  
  184  14:12  Baneling x10  
  184  14:13  Zergling x8  
  178  14:22  Zergling x10  
  159  14:26  Zergling x2  
  159  14:29  Zergling x10  
  156  14:35  Hatchery  
  156  14:37  Baneling x16  
  155  14:43  Queen x3  
  161  14:47  Nydus Network  
  161  14:48  Zergling x10  
  165  14:57  Zergling x2  
  165  14:58  Zergling x14  
  173  15:04  Zergling x2  
  173  15:05  Zergling x2  
  162  15:12  Corruptor x4  
  155  15:19  Corruptor x2  
  121  15:29  Zergling x16  
  121  15:44  Zergling x16  
  121  15:47  Baneling x5  
  121  15:49  Zergling x8  
  133  15:56  Zergling x4  
  135  15:58  Zergling x6  
  136  16:04  Zergling x4  
  136  16:07  Baneling  
  136  16:08  Zergling x12  
  141  16:15  Zergling x16  
  146  16:19  Zergling x2  
  146  16:20  Zergling x4  
  146  16:25  Zergling x4  
  151  16:26  Baneling  
  151  16:27  Baneling x9  
  151  16:30  Zergling x6  
  150  16:34  Zergling x4  
  150  16:37  Baneling x7  
  150  16:39  Infestor  
  151  16:40  Infestor  
  151  16:45  Zergling x2  
  151  16:46  Zergling x6  
  152  16:55  Zergling x10  
  152  16:59  Zergling x6  
  152  17:01  Baneling x4  
  159  17:08  Zergling x14  
  152  17:09  Zergling x2  
  152  17:10  Zergling x2  
Tags
 
Add a new tag
Caveats
  • Supply blocks, unpowered buildings, or Contaminate may cause inaccurate times.
  • Supply counts are checked every 10 seconds.